 Dungeon Crawl Stone Soup version 0.17.1-1-g73c8601 (webtiles) character file.

299 Runnr the Skirmisher (level 6, -8/49 HPs)
             Began as a Human Fighter on Jan 1, 2016.
             Shot with a poisoned sling bullet by Joseph (12 damage)
             ... on level 7 of the Dungeon.
             The game lasted 00:08:11 (3503 turns).

Runnr the Skirmisher (Human Fighter)                Turns: 3503, Time: 00:08:11

Health: -8/49      AC: 11    Str: 16    XL:     6   Next: 63%
Magic:  6/6        EV:  7    Int:  9    God:
Gold:   156        SH:  9    Dex: 14    Spells: 0 memorised, 5 levels left

rFire  . . .     SeeInvis .     a - +0 long sword
rCold  . . .     Clarity  .     b - +0 scale mail
rNeg   . . .     SustAt   .     c - +0 shield
rPois  .         Gourm    .     g - +0 helmet
rElec  .         Spirit   .     (no cloak)
rCorr  .         Warding  .     (no gloves)
rMut   .         Stasis   .     t - +0 pair of boots
MR     .....                    (no amulet)
Stlth  ..........               (no ring)
                                l - +2 ring of protection

@: not resistant to hostile enchantments, extremely unstealthy
A: no striking features
a: no special abilities


You were on level 7 of the Dungeon.
You were very hungry.

You visited 1 branch of the dungeon, and saw 5 of its levels.

You collected 156 gold pieces.

Inventory:

Hand Weapons
 a - a +0 long sword (weapon)
Missiles
 s - 18 poisoned needles
Armour
 b - a +0 scale mail (worn)
 c - a +0 shield (worn)
 g - a +0 helmet (worn)
 t - a +0 pair of boots (worn)
Jewellery
 l - a +2 ring of protection (left hand)
Wands
 q - a wand of confusion (6)
Scrolls
 f - 2 scrolls of enchant weapon
 h - a scroll of immolation
 i - a scroll of remove curse
 j - a scroll of noise {unknown}
 o - a scroll of fog {unknown}
Potions
 d - a potion of might
 m - a potion of brilliance
 n - a potion of flight {unknown}
 p - a potion of lignification
Comestibles
 e - 6 bread rations
 k - a royal jelly


   Skills:
 + Level 4.5 Fighting
 + Level 3.3 Long Blades
 + Level 4.2 Armour
 + Level 4.2 Shields


You had 5 spell levels left.
You didn't know any spells.

Dungeon Overview and Level Annotations

Branches:
Dungeon (7/15)
 Temple: D:4-7

Altars:

Annotations:
D:7 Joseph


Message History

Joseph hits you with a quarterstaff!
You barely miss Joseph.
Joseph is lightly wounded.
Joseph hits you with a quarterstaff!
You closely miss Joseph.
Joseph is lightly wounded.
You are feeling very hungry.
Joseph hits you with a quarterstaff. You block Joseph's attack.
You slash Joseph!
Joseph is moderately wounded.
You block Joseph's attack.
You hit Joseph.
Joseph is moderately wounded.
Joseph hits you with a quarterstaff!
* * * LOW HITPOINT WARNING * * *
You are too injured to fight recklessly!
Joseph unwields an uncursed quarterstaff.
Joseph wields a hunting sling.
Joseph shoots a poisoned sling bullet.
The poisoned sling bullet hits you!
You die...

##..## ... #(... ..
##...# .. .... .###
#..# ..# #..# # #.#
#..# #.##.###..##### .
#..........@..##....
####.##.#.#..†....#
#..####.##.#.#.#@###.#
#.......#####...(..
.........# #..#$###
###.####.# #..... #
#.# .#....## #.#
#.####.# #.# . .#


You could see Joseph.

Vanquished Creatures
  A giant frog (D:7)
  A scorpion (D:7)
  Ijyb (D:2)
  A worker ant (D:4)
  Terence (D:3)
  3 adders
  2 worms
  2 orcs (D:3)
  5 giant cockroaches
  14 goblins
  5 hobgoblins
  11 jackals
  10 kobolds
  2 quokkas
  A ball python (D:3)
  8 bats
  2 giant geckos
  3 giant newts (D:2)
  6 rats
79 creatures vanquished.

Notes
Turn   | Place    | Note
--------------------------------------------------------------
     0 | D:1      | Runnr the Human Fighter began the quest for the Orb.
     0 | D:1      | Reached XP level 1. HP: 18/18 MP: 1/1
   120 | D:1      | Reached XP level 2. HP: 24/24 MP: 2/2
   530 | D:1      | Reached XP level 3. HP: 13/29 MP: 3/3
  1218 | D:2      | Noticed Ijyb
  1269 | D:2      | Killed Ijyb
  1269 | D:2      | Reached XP level 4. HP: 32/37 MP: 4/4
  1724 | D:2      | Found a faded altar to an unknown god.
  1789 | D:2      | Reached skill level 4 in Fighting
  1789 | D:2      | Reached XP level 5. HP: 42/42 MP: 5/5
  2803 | D:3      | Noticed Terence
  2817 | D:3      | Killed Terence
  3243 | D:4      | Reached XP level 6. HP: 48/48 MP: 6/6
  3335 | D:4      | You fall through a shaft for 3 floors!
  3489 | D:7      | Noticed Joseph
  3503 | D:7      | Shot with a poisoned sling bullet by Joseph

Action                   |  1- 3 |  4- 6 || total
-------------------------+-------+-------++-------
Melee: Long sword        |   153 |   202 ||   355
  Use: Scroll            |       |     9 ||     9
  Eat: Chunk             |     1 |     7 ||     8
